 Dungeon Crawl Stone Soup version 0.27-a0-1291-geefcff550b (webtiles) character file.

Game seed: 11467373265027259802

1439 friON the Magician (level 8, -3/58 HPs)
             Began as a Mummy Ice Elementalist on June 14, 2021.
             Was a Plaything of Xom.
             Slain by a gnoll (9 damage)
             ... on level 5 of the Dungeon on June 15, 2021.
             The game lasted 00:28:30 (7405 turns).

friON the Magician (Mummy Ice Elementalist)         Turns: 7405, Time: 00:28:31

Health: -3/58      AC:  2    Str: 12      XL:     8   Next: 45%
Magic:  19/19      EV: 16    Int: 14      God:    Xom [..*...]
Gold:   192        SH:  0    Dex: 12 (14) Spells: 15/22 levels left

rFire    x x .     SeeInvis +   c - +0 dagger (drain)
rCold    + . .     Faith    .   (no shield)
rNeg     + + +     Spirit   .   a - +0 robe
rPois    ∞         Reflect  .   (no helmet)
rElec    .         Harm     .   (no cloak)
rCorr    .         Rampage  .   (no gloves)
Will     ++...                  (no boots)
Stlth    ++........             k - amulet of regeneration
HPRegen  1.19/turn              d - ring "Areat" {rF- rN++ Will+ EV+4 SInv}
MPRegen  0.16/turn              (no ring)

@: brilliant
A: cold resistance 1, negative energy resistance 3, torment resistance 2, heat
vulnerability 1, no potions
a: Renounce Religion


You were on level 5 of the Dungeon.
You worshipped Xom.
You were a toy of Xom.
You visited 1 branch of the dungeon, and saw 6 of its levels.
You also visited: Sewer.

You collected 192 gold pieces.

Inventory:

Hand Weapons
 c - a +0 dagger of draining (weapon)
Armour
 a - a +0 robe (worn)
Jewellery
 d - the ring "Areat" (left hand) {rF- rN++ Will+ EV+4 SInv}
   (You found it on level 4 of the Dungeon)

   [ring of evasion]

   It affects your evasion (+4).
   It makes you vulnerable to fire.
   It greatly protects you from negative energy.
   It lets you see invisible.
   It increases your willpower.
 k - an amulet of regeneration (around neck)
Wands
 h - a wand of charming (10)
Scrolls
 b - 2 scrolls of blinking
 e - a scroll of fear
 f - a scroll of magic mapping
 g - 2 scrolls of teleportation
 i - a scroll of enchant weapon
 j - 5 scrolls of identify
 l - a scroll of immolation


   Skills:
 + Level 3.4 Fighting
 + Level 4.0 Short Blades
 - Level 1.5 Dodging
 + Level 3.1 Stealth
 + Level 7.5 Spellcasting
 + Level 5.2 Ice Magic
 + Level 0.8 Evocations


You had 15 spell levels left.
You knew the following spells:

 Your Spells              Type           Power      Damage    Failure   Level
a - Freeze                Ice            100%       1d11      1%          1
b - Frozen Ramparts       Ice            60%        1d8       4%          3
c - Ozocubu's Armour      Ice            30%        N/A       4%          3

Your spell library contained the following spells:

 Spells                   Type           Power      Damage    Failure   Level
 Sandblast                Erth           14%        2d6       14%         1
 Passwall                 Tmut/Erth      5%         N/A       21%         2
 Confusing Touch          Hex            7%         N/A       38%         3
 Gell's Gravitas          Tloc           3%         N/A       38%         3
 Stone Arrow              Conj/Erth      14%        3d7       38%         3
 Hailstorm                Conj/Ice       19%        3d6       41%         4
 Metabolic Englaciation   Hex/Ice        9%         N/A       77%         5
 Petrify                  Tmut/Erth      7%         N/A       80%         4
 Lee's Rapid Deconstruct  Erth           3%         3d6*      98%         5
 Yara's Violent Unravell  Hex/Tmut       3%         3d4       98%         5


Dungeon Overview and Level Annotations

Branches:
Dungeon (6/15)             Temple (0/1) D:4           Sewer (visited)

Altars:
Gozag
Wu Jian
Xom

Shops:
D:2 (

Annotations:
D:3 Natasha
D:4 3 runed translucent doors, raph's ghost, weakling DjGl


Innate Abilities, Weirdness & Mutations

You are immune to poison.
Your flesh is cold resistant. (rC+)
You are immune to negative energy. (rN+++)
You are immune to unholy pain and torment.
You are vulnerable to heat. (rF-)
You do not drink.


Message History

The bullfrog skeleton is moderately damaged.
The bullfrog skeleton barely misses you.
Your phantom barely misses the gnoll.
The gnoll shaman barely misses you. What are your orders? t - Shout!
Orders for allies: a - Attack new target. r - Retreat! s - Stop attacking. g - Guard the area. f - Follow me.
Anything else - Cancel.
Gang up on whom?
Press: ? - help, Dir - move target, f - gnoll
Aim: a gnoll, wielding a +0 spear (moderately wounded, ally target) Attack!
The bullfrog skeleton hits you. The gnoll barely misses you.
Your phantom barely misses the gnoll.
The gnoll shaman hits you with a +0 club!
* * * LOW HITPOINT WARNING * * *
The bullfrog skeleton hits you.
* * * LOW HITPOINT WARNING * * *
The gnoll barely misses you.
Your phantom hits the gnoll but does no damage.
The gnoll misses you. The gnoll hits you with a +0 club.
* * * LOW HITPOINT WARNING * * *
Your phantom closely misses the gnoll.
The gnoll hits your phantom with a +0 club.
There is a stone staircase leading up here.
The bullfrog skeleton hits you.
* * * LOW HITPOINT WARNING * * *
The gnoll hits you with a +0 spear.
* * * LOW HITPOINT WARNING * * *
Your phantom hits the gnoll.
Your phantom blinks!
The gnoll blinks!
The gnoll hits you with a +0 club.
* * * LOW HITPOINT WARNING * * *
You climb upwards.
There is a stone staircase leading down, spattered with blood here.
You see here a +0 giant club.
You hit the gnoll.
The gnoll is moderately wounded.
The gnoll hits you with a +0 spear!
You die...

..........##.......###
.)........###.#......#
..........# #....#.#.#
....).....####.....#.#
..####......##...###.#
### #......##.......#
#......##...#####
#......###g.#
####..........@##
#............g..#
#...............#
#...............#
#...............#
#...............#
#.....#'#########
###.....#.#
........#.#


You could see 2 gnolls.

Vanquished Creatures
  Grinder (D:5)
  A sky beast (D:5)
  4 ogres (D:5)
  3 scorpions (D:5)
  A water moccasin zombie (D:5)
  A bullfrog zombie (D:5)
  A bullfrog skeleton (D:5)
  A hound (D:4)
  A centaur skeleton (D:4)
  Jessica (D:2)
  Natasha (D:3)
  An iguana (D:3)
  An orc wizard (D:4)
  2 hound skeletons
  A gnoll (D:5)
  A howler monkey skeleton (D:4)
  10 river rats (Sewer)
  6 adders
  A white imp (D:5)
  An adder skeleton (D:4)
  A worm (D:2)
  5 dart slugs
  7 orcs (D:4)
  7 endoplasms
  A giant cockroach (D:1)
  8 goblins
  6 hobgoblins
  9 jackals
  3 quokkas
  12 ball pythons
  7 bats
  8 frilled lizards
  A jackal skeleton (D:4)
  11 kobolds
  10 rats
136 creatures vanquished.

Vanquished Creatures (collateral kills)
  A water moccasin (D:5)
  A hound skeleton (D:5)
  A gnoll (D:6)
  An orc (D:5)
  A quokka (D:5)
5 creatures vanquished.

Vanquished Creatures (others)
  3 plants (D:3)
  2 withered plants (D:3)
5 creatures vanquished.

Grand Total: 146 creatures vanquished

Notes
Turn   | Place    | Note
-------+----------+-------------------------------------------
     0 | D:1      | friON the Mummy Ice Elementalist began the quest for the
                  | Orb.
     0 | D:1      | Reached XP level 1. HP: 13/13 MP: 4/4
   277 | D:1      | Reached XP level 2. HP: 19/19 MP: 1/5
   347 | D:1      | Reached skill level 3 in Spellcasting
  1583 | D:2      | Noticed Jessica
  1593 | D:2      | Killed Jessica
  1594 | D:2      | Reached XP level 3. HP: 21/25 MP: 8/8
  1715 | D:2      | Reached XP level 4. HP: 5/31 MP: 9/9
  1716 | D:2      | Reached skill level 4 in Spellcasting
  1973 | D:2      | Found Feets's Antique Weapon Shoppe.
  2551 | D:2      | Reached skill level 1 in Fighting
  2551 | D:2      | Reached skill level 1 in Short Blades
  3052 | D:3      | Found a glowing drain.
  3061 | Sewer    | Entered a sewer
  3103 | Sewer    | Reached XP level 5. HP: 19/37 MP: 11/11
  3107 | Sewer    | Learned a level 3 spell: Frozen Ramparts
  3111 | Sewer    | Learned a level 3 spell: Ozocubu's Armour
  4390 | D:3      | Noticed Natasha
  4399 | D:3      | Killed Natasha
  4400 | D:3      | Reached XP level 6. HP: 44/44 MP: 4/13
  4601 | D:3      | Found a faded altar of an unknown god.
  4633 | D:3      | Became a worshipper of Xom of Chaos
  4674 | D:3      | XOM: potion effect (haste)
  4739 | D:3      | Noticed Natasha
  5126 | D:3      | Upgraded the game from 0.27-a0-1287-gca74d27db6 to
                  | 0.27-a0-1291-geefcff550b
  5165 | D:4      | Found an opulent altar of Gozag.
  5222 | D:4      | Identified the ring "Areat" {rF- rN++ Will+ EV+4 SInv}
  5351 | D:4      | Found a staircase to the Ecumenical Temple.
  5421 | D:4      | XOM: silly message
  5447 | D:4      | Reached skill level 5 in Spellcasting
  5681 | D:4      | XOM: scenery: create altars
  5717 | D:4      | Found a runed translucent gate.
  5717 | D:4      | Found a runed translucent gate.
  5717 | D:4      | Found a runed translucent gate.
  5723 | D:4      | Noticed raph's ghost (weakling DjGl)
  5984 | D:4      | XOM: summons 2 hostile shadow creatures
  6261 | D:5      | Entered Level 5 of the Dungeon
  6271 | D:5      | XOM: confusion
  6273 | D:5      | XOM: enchant monster (bad)
  6288 | D:5      | XOM: summons friendly shadow imp
  6294 | D:5      | Reached XP level 7. HP: 49/50 MP: 10/15
  6356 | D:5      | XOM: summons 2 hostile shadow creatures
  6374 | D:5      | Reached skill level 6 in Spellcasting
  6763 | D:5      | Reached skill level 7 in Spellcasting
  6763 | D:5      | Reached XP level 8. HP: 57/57 MP: 11/18
  6790 | D:5      | Reached skill level 5 in Ice Magic
  6826 | D:5      | Found an ornate altar of the Wu Jian Council.
  6826 | D:5      | XOM: 3-stop teleportation journey
  6827 | D:5      | Noticed Grinder
  6857 | D:5      | XOM is BORED!
  6857 | D:5      | XOM: blink monster(s)
  6924 | D:5      | Killed Grinder
  6933 | D:5      | XOM: summons 5 hostile demons
  7136 | D:5      | XOM: cloud trail
  7141 | D:5      | XOM: god gift: 47 gold pieces
  7350 | D:6      | XOM: potion effect (brilliance)
  7381 | D:5      | XOM: enchant monster (good)
  7405 | D:5      | Slain by a gnoll

Illustrated notes

Levels and vault maps discovered:
D:1:      lightli_arrival_quake, layout_loops_cross, item_on_display_a
D:2:      layout_rooms, serial_shops, nicolae_shop_waterfront, uniq_jessica
D:3:      layout_basic, portal_sewer_entry_d,
          shapermc_ecumenical_altar_flowoftime, uniq_natasha
D:4:      layout_loops_ring, old_standard_altar, minmay_temple_entry_trees,
          gammafunk_ghost_split
D:5:      layout_basic, nzn_wu_jian_contemplation, kennysheep_minor_cross,
          minmay_fractal_squares_gapless_5, uniq_grinder
D:6:      layout_cave_pools, nicolae_overflow_hidden_temple, serial_shops, shop,
          uniq_maggie

Skill      XL: |  1  2  3  4  5  6  7  8 |
---------------+-------------------------+-----
Spellcasting   | 3 4 5 7 |  7.5
Fighting       | 1 2 3 |  3.4
Short Blades   | 1 2 3 4 |  4.0
Ice Magic      | 4 5 |  5.2
Stealth        | 2 3 |  3.1
Dodging        | |  1.5
Evocations     | |  0.8

Action                   |  1- 3 |  4- 6 |  7- 9 || total
-------------------------+-------+-------+-------++-------
Melee: Unarmed           |     3 |       |       ||     3
       Dagger            |    65 |   362 |   251 ||   678
 Cast: Freeze            |    20 |    27 |     4 ||    51
       Frozen Ramparts   |       |     8 |     9 ||    17
       Ozocubu's Armour  |       |     8 |     6 ||    14
Evoke: Wand              |       |     1 |       ||     1
  Use: Scroll            |     3 |     4 |     3 ||    10
 Stab: Sleeping          |       |     8 |       ||     8
       Distracted        |       |     1 |       ||     1
Armor: Robe              |    18 |    75 |    35 ||   128
Dodge: Dodged            |    59 |   261 |   192 ||   512

Table legend: (Time is in decaauts)
 A = Elapsed time spent in this place.
 B = Non-inter-level travel time spent in this place.
 C = Inter-level travel time spent in this place.
 D = Time resting spent in this place.
 E = Time spent auto-exploring this place.
 F = Levels seen in this place.
 G = Mean time per level.
                   A        B        C        D        E       F      G
               +--------+--------+--------+--------+--------+-----+--------+
         Total |   7381 |   7245 |    136 |    429 |   5372 |   7 | 1054.4 |
       Dungeon |   6251 |   6115 |    136 |    429 |   4436 |   6 | 1041.8 |
         Sewer |   1130 |   1130 |      0 |      0 |    935 |   1 | 1130.0 |
               +--------+--------+--------+--------+--------+-----+--------+

Top non-repeatable levels by time:
     D:1: 1582 daAuts
     D:3: 1326 daAuts
   Sewer: 1130 daAuts
     D:4: 1118 daAuts
     D:2: 1118 daAuts
     D:5: 1079 daAuts
     D:6: 26 daAuts
